 Dungeon Crawl Stone Soup version 0.24-a0-194-g9bee6eb (webtiles) character file.

Game seed: 10339207691229819169

8 Gunnerkreig the Magician (level 2, 19/19 HPs)
             Began as a Demonspawn Wizard on Mar 18, 2019.
             Quit the game on level 1 of the Dungeon.
             The game lasted 00:03:15 (516 turns).

Gunnerkreig the Magician (Demonspawn Wizard)         Turns: 516, Time: 00:03:16

Health: 19/19      AC:  2    Str:  7    XL:     2   Next: 0%
Magic:  3/6        EV: 12    Int: 19    God:
Gold:   12         SH:  0    Dex: 11    Spells: 6/7 levels left

rFire    . . .     SeeInvis .   (no weapon)
rCold    . . .     Gourm    .   (no shield)
rNeg     . . .     Faith    .   a - +0 robe
rPois    .         Spirit   .   b - +0 hat
rElec    .         Reflect  .   (no cloak)
rCorr    .         Harm     .   (no gloves)
MR       .....                  (no boots)
Stlth    +++.......             (no amulet)
HPRegen  0.06/turn              (no ring)
MPRegen  0.10/turn              (no ring)

@: no status effects
A: nightstalker 1
a: no special abilities


You were on level 1 of the Dungeon.
You were not hungry.

You visited 1 branch of the dungeon, and saw 1 of its levels.

You collected 12 gold pieces.

Inventory:

Armour
 a - a +0 robe (worn)
 b - a +0 hat (worn)
 h - a +0 buckler
Scrolls
 f - a scroll of fear {unknown}
 i - a scroll of remove curse {unknown}
Potions
 c - a potion of mutation {unknown}
 e - a potion of flight {unknown}
 j - a potion of might {unknown}
Comestibles
 d - a ration
 g - 2 chunks of flesh


   Skills:
 - Level 1.7 Dodging
 - Level 1.7 Stealth
 + Level 3.1 Spellcasting
 * Level 1.8 Conjurations
   Level 1.0 Summonings
   Level 0.8 Translocations


You had 6 spell levels left.
You knew the following spells:

 Your Spells              Type           Power        Failure   Level  Hunger
a - Magic Dart            Conj           #...         7%          1    None

Your spell library contained the following spells:

 Spells                   Type           Power        Failure   Level  Hunger
 Blink                    Tloc           N/A          16%         2    ##.....
 Call Imp                 Summ           #.......     16%         2    ##.....
 Slow                     Hex            #.......     22%         2    ##.....
 Conjure Flame            Conj/Fire      #.......     30%         3    ###....
 Mephitic Cloud           Conj/Pois/Air  #.......     34%         3    ###....


Dungeon Overview and Level Annotations

Branches:
Dungeon (1/15)

Altars:


Innate Abilities, Weirdness & Mutations

You are slightly more attuned to the shadows.


Message History

You slip into the darkness of the dungeon.
Saving game... please wait.
Welcome back, Gunnerkreig the Demonspawn Wizard.
Press ? for a list of commands and other information. (m)acro, (M)acro raw, keymap [(k) default, (x) level-map, (t)argeting, (c)onfirm, m(e)nu], (s)ave?
Aborting.
Autopickup is now off.
Autopickup is now on.
No item to drop.
Save game and exit? [Y]es or [N]o only, please.
Save game and exit?
Okay, then.
Casting: Magic Dart (safe; 7% risk of failure)
Confirm with . or Enter, or press ? or * to list all spells.
You don't know that spell.
Save game and exit?
Okay, then.
You aren't wearing any rings or amulets.
Are you sure you want to abandon this character and quit the game? (Confirm with "yes".)

#.......## ###.#####
.........###.......####.#
.........'...............
.........###.......####.
#.......## #.#.##...#
##.....## #.###....#
##...## #........# ##+#
#####.#### #@# #.# #.#
#.# #.# #.# #†# ..#


There were no monsters in sight!

Vanquished Creatures
  A ball python (D:1)
  4 hobgoblins (D:1)
  2 frilled lizards (D:1)
7 creatures vanquished.

Notes
Turn   | Place    | Note
-------+----------+-------------------------------------------
     0 | D:1      | Gunnerkreig the Demonspawn Wizard began the quest for the
                  | Orb.
     0 | D:1      | Reached XP level 1. HP: 13/13 MP: 4/4
   515 | D:1      | Gained mutation: You are slightly more attuned to the
                  | shadows. [demonic ancestry]
   515 | D:1      | Reached XP level 2. HP: 19/19 MP: 3/6
   516 | D:1      | Quit the game

Levels and vault maps discovered:
D:1:      onia_arrival_mini_spirals, layout_loops_corners, st_stairs_8

Action                   || total
-------------------------++-------
Melee: Unarmed           ||    17
 Cast: Magic Dart        ||    17
Armor: Robe              ||     1
Dodge: Dodged            ||     9

Table legend:
 A = Non-vault XP
 B = Vault XP
 C = Vault XP percentage of total XP
 D = Non-vault monster count
 E = Vault monster count
 F = Vault count percentage of total count
                 A         B        C        D         E       F
            +---------+---------+-------+---------+---------+-------
      Total |      12 |       0 |   0.0 |       7 |       0 |   0.0
            +---------+---------+-------+---------+---------+-------
        D:1 |      12 |       0 |   0.0 |       7 |       0 |   0.0
            +---------+---------+-------+---------+---------+-------
